Map: Lost and Found LE

Players

JonSnow - Winner!

  • Race: Zerg Zerg
  • Spawn Location: 1:00

Stephano

  • Race: Zerg Zerg
  • Spawn Location: 7:00

Event: WCS Montreal 2018

VOD

Have the link to the VOD?

Description

Time

  • Played on: Sept. 7, 2018, 1:26 p.m.
  • Length: 12:41

All games in this series

Show
View Real Time Build Order
Export as new Build Order

JonSnow Zerg - Winner!

Build Orders: Hatch First, Zergling Baneling 

Get SALT Encoding   

  12  0:00  Drone  
  13  0:13  Overlord  
  13  0:18  Drone  
  14  0:31  Drone x2  
  16  0:36  Drone  
  17  0:51  Hatchery  
  17  0:55  Drone  
  17  0:59  Drone  
  18  1:09  Extractor  
  17  1:13  Spawning Pool  
  17  1:15  Drone  
  17  1:20  Drone  
  18  1:28  Drone  
  19  1:40  Drone  
  20  1:50  Overlord  
  20  2:00  Queen  
  22  2:03  Queen  
  22  2:04  Zergling x4  
  26  2:10  Metabolic Boost  
  26  2:11  Zergling x2  
  27  2:17  Drone  
  27  2:22  Drone  
  29  2:25  Drone  
  30  2:35  Hatchery  
  29  2:41  Baneling Nest  
  29  2:44  Drone  
  29  2:57  Overlord  
  28  3:05  Zergling x2  
  28  3:06  Zergling x6  
  28  3:11  Zergling x2  
  28  3:12  Zergling x6  
  35  3:16  Zergling x4  
  35  3:17  Zergling x2  
  38  3:24  Zergling x4  
  40  3:31  Baneling  
  40  3:32  Baneling x2  
  40  3:33  Drone x2  
  42  3:46  Queen  
  43  3:55  Zergling x12  
  45  4:02  Zergling x6  
  47  4:05  Drone  
  42  4:11  Zergling x2  
  42  4:13  Zergling x2  
  42  4:17  Zergling x2  
  44  4:18  Baneling x2  
  44  4:21  Drone x3  
  44  4:22  Drone  
  48  4:27  Baneling x2  
  48  4:30  Baneling x2  
  48  4:31  Overlord  
  48  4:34  Drone  
  49  4:41  Baneling  
  43  4:54  Zergling x20  
  43  4:57  Drone x2  
  55  5:04  Baneling x2  
  55  5:06  Drone x3  
  57  5:15  Evolution Chamber  
  55  5:24  Zergling x2  
  55  5:25  Zergling x10  
  57  5:35  Zergling x2  
  58  5:37  Overlord x2  
  58  5:41  Extractor  
  58  5:42  Roach Warren  
  49  5:47  Drone x8  
  49  5:48  Baneling x2  
  49  5:49  Baneling x2  
  53  5:53  Drone  
  53  5:54  Drone  
  53  5:56  Zergling x4  
  57  5:59  Zergling x4  
  57  6:02  Baneling  
  59  6:06  Extractor  
  59  6:07  Overlord  
  58  6:12  Zergling x8  
  58  6:18  Overlord  
  60  6:22  Roach x3  
  60  6:25  Baneling  
  65  6:28  Overlord  
  64  6:34  Drone  
  64  6:35  Drone x5  
  64  6:36  Baneling x2  
  70  6:42  Drone x2  
  70  6:44  Baneling  
  70  6:45  Baneling  
  70  6:46  Drone  
  70  6:47  Drone x2  
  74  6:48  Extractor  
  74  6:52  Overlord  
  73  6:55  Drone x3  
  73  6:56  Drone  
  77  7:06  Zerg Missile Weapons Level 1  
  76  7:10  Drone x7  
  76  7:15  Extractor  
  82  7:17  Baneling  
  82  7:18  Lair  
  82  7:20  Drone x4  
  86  7:24  Roach  
  86  7:26  Overlord  
  87  7:31  Roach x2  
  87  7:32  Roach x2  
  95  7:43  Roach x3  
  95  7:44  Roach x4  
  102  7:50  Spine Crawler  
  101  7:51  Roach  
  101  7:57  Spine Crawler, Roach x2  
  104  8:00  Baneling, Overlord  
  104  8:01  Roach x3  
  104  8:02  Zergling x2  
  111  8:07  Roach  
  111  8:10  Overlord x2  
  113  8:14  Ravager  
  113  8:18  Overlord  
  111  8:23  Glial Reconstitution  
  111  8:26  Overseer  
  111  8:31  Roach x5  
  111  8:34  Extractor, Overlord  
  121  8:35  Hatchery  
  121  8:37  Roach  
  121  8:38  Roach  
  124  8:42  Overlord  
  124  8:44  Evolution Chamber  
  124  8:47  Roach  
  124  8:48  Roach x2  
  129  8:50  Pneumatized Carapace  
  130  8:56  Hatchery  
  130  8:57  Overlord  
  130  9:00  Roach x2  
  130  9:01  Roach  
  130  9:02  Ravager x2  
  137  9:05  Zerg Missile Weapons Level 2  
  137  9:13  Zerg Ground Armor Level 1  
  137  9:17  Queen  
  137  9:20  Drone x5  
  137  9:21  Ravager  
  145  9:26  Roach x2  
  149  9:34  Roach x4  
  149  9:38  Overlord  
  157  9:39  Overlord  
  157  9:40  Roach  
  161  9:52  Roach  
  161  9:53  Roach x4  
  161  9:57  Overlord  
  161  9:58  Overlord  
  168  10:01  Roach x3  
  168  10:08  Roach x4  
  168  10:11  Ravager x4  
  168  10:13  Roach  
  184  10:14  Roach  
  184  10:20  Roach x3  
  190  10:25  Roach x3  
  194  10:33  Roach x2  
  194  10:34  Roach x2  
  198  10:40  Roach  
  198  10:41  Roach x4  
  198  10:47  Roach x2  
  200  10:52  Overlord  
  200  10:57  Overlord  
  198  11:05  Roach x2  
  198  11:06  Overlord  
  198  11:08  Nydus Network  
  198  11:09  Hydralisk Den  
  169  11:26  Roach x15  
  169  11:31  Roach  
  171  11:37  Roach x4  
  167  11:40  Roach x3  
  167  11:45  Lurker Den  
  164  11:47  Roach  
  164  11:50  Roach x2  
  164  11:53  Extractor x2  
  166  11:57  Hydralisk  
  166  11:58  Hydralisk  
  166  12:01  Hydralisk x3  
  170  12:06  Roach  
  178  12:10  Roach  
  178  12:14  Roach x2  
  178  12:15  Roach x6  
  196  12:18  Roach  
Show
View Real Time Build Order
Export as new Build Order

Stephano Zerg 

Build Orders: Hatch First, Zergling Baneling 

Get SALT Encoding   

  12  0:01  Drone  
  13  0:13  Overlord  
  13  0:16  Drone  
  14  0:31  Drone x2  
  16  0:47  Hatchery  
  15  0:51  Drone  
  15  0:54  Drone  
  17  0:57  Drone  
  18  1:08  Extractor  
  17  1:13  Spawning Pool  
  17  1:15  Drone  
  17  1:19  Drone  
  18  1:29  Drone  
  19  1:41  Drone  
  20  1:51  Drone  
  21  1:59  Queen x2  
  21  2:00  Zergling x2  
  26  2:01  Overlord  
  26  2:10  Drone  
  26  2:12  Drone  
  26  2:14  Metabolic Boost  
  28  2:20  Drone  
  29  2:24  Drone  
  30  2:32  Hatchery  
  29  2:38  Queen  
  29  2:43  Overlord  
  31  2:50  Drone  
  32  2:53  Baneling Nest  
  32  2:54  Drone  
  32  2:59  Zergling x2  
  32  3:08  Zergling x2, Overlord  
  32  3:11  Drone x2  
  33  3:13  Drone x2  
  33  3:18  Queen  
  37  3:22  Zergling x2  
  37  3:25  Zergling x2  
  39  3:30  Zergling x4  
  41  3:35  Zergling x4  
  41  3:36  Baneling x3  
  43  3:42  Zergling x4  
  45  3:54  Zergling x14  
  47  4:00  Zergling x2  
  47  4:06  Baneling  
  47  4:07  Zergling x2  
  47  4:08  Zergling x4  
  45  4:14  Queen x2  
  45  4:16  Baneling  
  45  4:17  Baneling  
  45  4:20  Drone  
  46  4:29  Zergling x2  
  46  4:30  Zergling x4  
  49  4:31  Overlord  
  49  4:33  Overlord  
  49  4:35  Overlord  
  49  4:40  Overlord  
  49  4:45  Overlord  
  45  4:51  Zergling x10  
  48  4:56  Baneling  
  48  4:57  Baneling  
  48  4:58  Baneling  
  47  5:01  Drone x3  
  47  5:03  Extractor  
  49  5:10  Drone x3  
  51  5:19  Drone  
  49  5:23  Baneling x2  
  49  5:25  Zergling x16  
  56  5:33  Baneling  
  56  5:35  Zergling x4  
  51  5:45  Drone x2, Queen  
  52  5:57  Baneling x3  
  52  5:59  Drone  
  52  6:01  Drone  
  52  6:02  Drone  
  55  6:04  Drone, Hatchery  
  55  6:08  Drone x2  
  57  6:16  Drone x4  
  57  6:25  Roach Warren  
  57  6:27  Drone x2  
  57  6:28  Evolution Chamber  
  56  6:35  Drone  
  56  6:36  Drone  
  58  6:41  Overlord  
  58  6:44  Extractor  
  56  6:55  Drone x3  
  56  6:56  Lair  
  58  7:06  Roach x6  
  62  7:14  Roach x4  
  70  7:17  Roach  
  70  7:18  Queen  
  70  7:20  Baneling x2  
  76  7:23  Roach  
  75  7:32  Overlord  
  75  7:33  Roach x2  
  75  7:37  Drone  
  80  7:42  Drone x4  
  79  7:45  Drone x4  
  82  7:52  Drone x2  
  82  7:58  Drone, Zerg Missile Weapons Level 1  
  85  8:03  Drone x3  
  88  8:08  Extractor  
  88  8:10  Overlord  
  88  8:11  Extractor  
  86  8:13  Drone x5  
  86  8:19  Glial Reconstitution, Overlord  
  89  8:22  Drone x4  
  93  8:35  Roach x5  
  93  8:38  Overlord  
  93  8:39  Overlord  
  93  8:40  Roach  
  93  8:41  Roach  
  107  8:45  Roach  
  107  8:46  Roach  
  111  8:49  Extractor  
  111  8:53  Ravager x2  
  111  8:54  Roach  
  111  8:55  Overlord x2  
  114  8:57  Pneumatized Carapace  
  114  8:59  Roach  
  116  9:06  Roach x4  
  116  9:09  Roach  
  126  9:13  Roach x2  
  126  9:14  Roach  
  132  9:18  Roach x2  
  132  9:20  Overseer  
  136  9:26  Drone  
  136  9:27  Evolution Chamber, Roach x2  
  136  9:29  Ravager x2  
  136  9:30  Roach  
  144  9:32  Overlord  
  144  9:34  Roach  
  146  9:49  Overlord  
  146  9:52  Roach x4  
  154  9:53  Hatchery  
  154  9:54  Overseer  
  154  9:56  Zerg Missile Weapons Level 2  
  153  10:07  Overlord  
  153  10:11  Overseer  
  153  10:13  Overlord x2  
  153  10:19  Overlord  
  153  10:22  Overlord  
  153  10:25  Overlord  
  153  10:31  Roach x6  
  153  10:33  Ravager x2  
  161  10:37  Roach x3  
  161  10:39  Zerg Ground Armor Level 1  
  162  10:45  Roach x4  
  167  10:55  Roach x4  
  166  11:04  Roach  
  166  11:05  Roach x3  
  166  11:09  Ravager x2  
  166  11:10  Roach x2  
  180  11:25  Roach x6  
  170  11:30  Roach x2  
  140  11:38  Roach x2  
  126  11:43  Roach x4  
  126  11:52  Roach x2  
  126  11:53  Drone x4, Queen  
  133  12:06  Roach x4  
  141  12:08  Extractor  
  141  12:10  Roach  
  138  12:18  Roach x5  
Tags
 
Add a new tag
Caveats
  • Supply blocks, unpowered buildings, or Contaminate may cause inaccurate times.
  • Supply counts are checked every 10 seconds.